Map: Heavy Artillery LE

Players

Bakani

  • Race: Zerg Zerg
  • League: Gold
  • Spawn Location: 7:00

Yamazaki

  • Race: Protoss Protoss
  • League: Diamond
  • Spawn Location: 7:00

Massa - Winner!

  • Race: Terran Terran
  • League: Platinum
  • Spawn Location: 1:00

qqq - Winner!

  • Race: Zerg Zerg
  • League: Platinum
  • Spawn Location: 3:00

VOD

Have the link to the VOD?

Description

Time

  • Played on: Sept. 5, 2020, 3:20 p.m.
  • Length: 14:07
Show
View Real Time Build Order
Export as new Build Order

Bakani Zerg 

Build Orders: Hatch First, Brood Lord Corruptor 

Get SALT Encoding   

  12  0:10  Overlord  
  12  0:13  Drone  
  13  0:30  Drone  
  13  0:31  Drone  
  15  0:48  Hatchery  
  14  0:51  Drone  
  14  0:56  Extractor  
  14  1:10  Spawning Pool  
  13  1:13  Drone  
  13  1:17  Drone  
  15  1:21  Drone  
  16  1:42  Overlord  
  16  1:43  Drone  
  17  2:05  Zergling x2  
  17  2:06  Zergling x4  
  17  2:07  Queen  
  22  2:09  Metabolic Boost  
  22  2:16  Queen  
  24  2:23  Zergling x2  
  25  2:38  Zergling x2  
  25  2:39  Zergling x8  
  25  2:44  Zergling x2  
  31  3:02  Roach Warren  
  29  3:59  Lair  
  29  4:02  Drone  
  30  4:03  Drone x7, Extractor  
  30  4:05  Overlord  
  37  4:31  Roach  
  37  4:32  Roach x3  
  43  4:48  Overlord x2  
  43  4:58  Spine Crawler x2  
  41  5:00  Spine Crawler  
  37  5:15  Roach  
  37  5:16  Roach x5  
  37  5:21  Glial Reconstitution  
  49  5:33  Roach  
  49  5:34  Roach  
  53  5:52  Roach  
  53  5:53  Roach x2  
  59  6:15  Overlord x2  
  59  6:16  Overlord  
  59  6:36  Drone  
  59  6:37  Drone x6, Infestation Pit  
  65  6:52  Drone  
  65  6:53  Drone x3  
  69  7:22  Roach x5  
  74  7:33  Drone  
  74  7:34  Overlord x2  
  75  7:43  Hatchery  
  74  7:51  Hive  
  74  7:52  Drone x4  
  74  7:53  Drone  
  79  8:24  Drone x3, Roach x2  
  79  8:25  Drone, Roach x2  
  91  8:30  Overlord x4  
  91  8:40  Overlord x2  
  91  8:41  Overlord  
  91  8:47  Overlord  
  91  8:48  Overlord  
  91  8:55  Extractor  
  90  8:57  Extractor  
  90  8:58  Ravager  
  90  8:59  Ravager x3  
  93  9:07  Drone  
  93  9:09  Drone  
  95  9:10  Drone  
  95  9:16  Drone  
  95  9:17  Drone x4  
  101  9:27  Drone x5, Hatchery  
  105  9:38  Overseer x3  
  105  9:57  Ultralisk Cavern  
  104  10:04  Evolution Chamber  
  104  10:06  Spire, Evolution Chamber  
  104  10:25  Pneumatized Carapace  
  104  10:32  Extractor  
  104  10:35  Drone x9  
  112  10:38  Ravager  
  112  10:39  Ravager x3  
  112  10:40  Extractor  
  115  10:43  Extractor  
  115  10:48  Extractor  
  113  11:05  Spire  
  113  11:06  Queen  
  114  11:20  Greater Spire, Corruptor x2  
  118  11:39  Corruptor x3  
  120  11:41  Queen  
  120  11:46  Hatchery  
  125  11:58  Zergling x2  
  125  11:59  Zergling x32  
  142  12:08  Corruptor  
  142  12:09  Corruptor x2  
  148  12:26  Corruptor x2  
  148  12:28  Overlord x3  
  148  12:29  Overlord x3  
  135  12:51  Brood Lord x5  
  137  12:52  Brood Lord  
  137  12:53  Corruptor  
  80  13:09  Brood Lord  
  80  13:10  Brood Lord  
  79  13:15  Roach x3  
  85  13:23  Corruptor  
  85  13:24  Zergling x2  
  85  13:25  Zergling x20  
  85  13:26  Zergling x2  
  95  13:44  Zergling x4  
  95  13:45  Zergling x2  
Show
View Real Time Build Order
Export as new Build Order

Yamazaki Protoss 

Build Orders:  

Get SALT Encoding   

  12  0:00  Probe  
  13  0:12  Probe  
  14  0:24  Probe (Chrono Boost)  
  15  0:41  Pylon  
  15  0:59  Probe  
  15  1:01  Gateway  
  16  1:12  Probe  
  17  1:27  Assimilator  
  17  1:36  Probe  
  17  1:39  Nexus  
  18  1:40  Gateway  
  18  1:48  Cybernetics Core  
  18  1:50  Probe  
  18  1:53  Pylon  
  19  2:05  Probe  
  20  2:10  Assimilator  
  20  2:17  Probe  
  21  2:25  Adept x2 (Chrono Boost)  
  25  2:31  Probe  
  25  2:36  Warp Gate  
  26  2:43  Probe  
  27  2:55  Probe  
  27  2:56  Probe  
  27  2:57  Stalker (Chrono Boost)  
  32  3:07  Stalker (Chrono Boost)  
  32  3:08  Probe x2  
  34  3:27  Stalker  
  34  3:29  Stalker  
  34  3:32  Gateway  
  38  3:35  Pylon  
  38  3:37  Shield Battery  
  38  3:38  Probe x2  
  40  3:58  Probe x2  
  40  3:59  Stalker  
  44  4:07  Gateway  
  44  4:09  Gateway  
  40  4:11  Probe  
  40  4:12  Probe  
  42  4:28  Stalker x2  
  31  4:45  Stalker  
  30  4:55  Stalker x2  
  32  5:04  Probe x2 (Chrono Boost)  
  32  5:10  Stalker  
  34  5:16  Probe x2 (Chrono Boost)  
  34  5:20  Stalker  
  38  5:42  Nexus  
  38  6:02  Probe x2 (Chrono Boost)  
  40  6:06  Stalker x4  
  48  6:14  Probe x2 (Chrono Boost)  
  50  6:19  Probe x2 (Chrono Boost)  
  52  6:28  Probe x2  
  52  6:29  Twilight Council  
  54  6:42  Pylon  
  54  6:44  Pylon  
  54  6:46  Pylon  
  54  6:54  Probe x2  
  54  6:56  Probe  
  54  7:01  Blink (Chrono Boost)  
  59  7:08  Probe (Chrono Boost)  
  59  7:11  Probe (Chrono Boost)  
  59  7:12  Nexus  
  59  7:13  Probe (Chrono Boost)  
  52  7:16  Sentry x3  
  50  7:23  Probe  
  50  7:24  Probe  
  50  7:25  Assimilator  
  50  7:26  Assimilator  
  50  7:27  Probe  
  53  7:31  Pylon  
  53  7:35  Probe  
  53  7:36  Probe  
  55  7:39  Probe, Stalker  
  58  7:45  Forge  
  58  7:47  Forge  
  58  7:53  Probe x2  
  58  7:54  Probe  
  61  8:05  Probe  
  62  8:09  Probe x2  
  62  8:10  Stalker x3  
  70  8:28  Probe x2  
  70  8:29  Stalker x2  
  76  8:34  Probe  
  79  8:42  Probe (Chrono Boost)  
  79  8:43  Probe (Chrono Boost)  
  79  8:45  Assimilator  
  79  8:46  Assimilator  
  79  8:49  Nexus  
  79  8:55  Stalker x4  
  87  8:59  Probe (Chrono Boost)  
  87  9:02  Protoss Ground Weapons Level 1 (Chrono Boost), Protoss Ground Armor Level 1 (Chrono Boost)  
  88  9:03  Probe, Pylon  
  88  9:04  Probe  
  88  9:05  Pylon  
  88  9:08  Probe  
  91  9:20  Probe x4  
  95  9:32  Probe x4  
  99  9:39  Robotics Facility  
  99  9:40  Robotics Facility  
  99  9:42  Robotics Facility  
  99  9:47  Colossus (Chrono Boost)  
  99  9:49  Gateway  
  99  9:50  Gateway  
  99  9:56  Stalker x4  
  92  10:14  Gateway  
  92  10:15  Gateway  
  92  10:17  Gateway  
  92  10:20  Charge (Chrono Boost)  
  92  10:27  Robotics Bay  
  92  10:28  Probe x2  
  94  10:36  Observer (Chrono Boost)  
  95  11:00  Observer, Protoss Ground Armor Level 2 (Chrono Boost)  
  95  11:01  Probe  
  95  11:02  Nexus  
  96  11:05  Pylon  
  96  11:09  Probe x2  
  96  11:10  Protoss Ground Weapons Level 2 (Chrono Boost)  
  97  11:34  Stalker  
  97  11:35  Stalker x8  
  12  13:23  Sentry x7  
Show
View Real Time Build Order
Export as new Build Order

Massa Terran - Winner!

Build Orders: Gas First Reaper Expand 

Get SALT Encoding   

  12  0:00  SCV  
  13  0:12  SCV  
  14  0:18  Refinery  
  14  0:24  Supply Depot  
  14  0:29  SCV  
  15  0:46  SCV  
  15  0:48  Barracks  
  16  0:58  SCV  
  17  1:10  SCV  
  18  1:27  SCV  
  19  1:35  Reaper  
  20  1:40  Command Center  
  20  1:43  SCV  
  21  2:08  Barracks Reactor  
  21  2:10  Factory  
  21  2:13  Orbital Command  
  21  2:46  Marine  
  21  2:47  Marine  
  21  2:51  Supply Depot  
  23  2:54  Supply Depot  
  23  2:55  SCV  
  24  3:04  Marine x2  
  26  3:07  SCV  
  27  3:14  Hellion  
  29  3:22  Orbital Command, Barracks, Marine  
  29  3:29  Marine  
  29  3:35  Hellion  
  29  3:36  Starport  
  29  3:40  Marine  
  32  3:57  Widow Mine  
  32  4:00  SCV x2  
  36  4:12  SCV  
  36  4:13  SCV  
  36  4:16  Medivac  
  40  4:24  SCV  
  40  4:28  Marine x2  
  40  4:30  Hellion  
  45  4:32  Barracks Tech Lab  
  45  4:39  Barracks  
  45  4:46  Marine, Viking  
  45  4:51  Hellion  
  45  5:03  Marine x2  
  45  5:07  Marauder  
  43  5:08  Stimpack  
  43  5:13  Refinery, Hellion  
  45  5:15  SCV x2  
  45  5:16  Refinery  
  45  5:20  Marine  
  48  5:24  Marine  
  48  5:27  SCV x2  
  48  5:28  Marauder  
  53  5:38  Marine  
  53  5:41  Supply Depot x4  
  54  5:43  Engineering Bay, Supply Depot  
  54  5:44  Widow Mine  
  54  5:45  SCV x2  
  54  5:47  Barracks Reactor  
  54  6:02  Marauder, Marine  
  57  6:24  Marauder  
  59  6:32  Barracks Reactor  
  59  6:34  Factory Tech Lab  
  59  6:35  Medivac  
  59  6:38  Terran Infantry Weapons Level 1  
  61  6:45  SCV x2  
  63  6:48  Command Center  
  63  6:57  Refinery, SCV x2  
  63  6:58  Combat Shield  
  65  7:02  Widow Mine  
  67  7:09  SCV x2  
  69  7:20  Missile Turret  
  69  7:21  SCV x2  
  71  7:27  Armory  
  71  7:30  Siege Tank  
  71  7:32  Marine x2  
  71  7:34  Marauder  
  71  7:35  Marine x2  
  80  7:39  Missile Turret  
  80  7:49  Marine  
  80  7:50  Marine  
  82  7:53  Marine x2  
  82  7:56  Marauder  
  86  8:01  Orbital Command, Missile Turret  
  86  8:02  SCV x2, Siege Tank  
  91  8:07  Marine  
  92  8:14  SCV x2  
  92  8:15  Missile Turret  
  94  8:26  SCV  
  94  8:27  SCV  
  96  8:36  Missile Turret  
  96  8:37  Terran Infantry Armor Level 1  
  96  8:38  Terran Vehicle Weapons Level 1  
  96  8:39  SCV x2  
  98  8:41  Siege Tank  
  101  8:49  Marauder, Marine  
  101  8:50  Marine x3  
  101  8:51  SCV x2  
  109  8:56  Barracks, Missile Turret  
  109  9:07  Supply Depot  
  109  9:10  Supply Depot  
  109  9:26  Concussive Shells  
  109  9:29  Marauder, Marine x4, Medivac  
  117  9:33  Supply Depot  
  117  9:40  Engineering Bay  
  117  9:42  Armory  
  117  9:46  Marine x4  
  117  9:51  Marauder  
  123  9:56  Supply Depot  
  123  10:04  Marine x4  
  127  10:12  Marauder  
  129  10:19  Supply Depot  
  129  10:22  Marine x4  
  129  10:25  SCV x3  
  136  10:31  Terran Infantry Weapons Level 2  
  136  10:33  Marauder  
  138  10:37  SCV x3  
  138  10:42  Refinery  
  141  10:43  Supply Depot  
  141  10:45  Command Center  
  141  10:47  Sensor Tower  
  141  10:49  SCV x3  
  144  10:55  Marauder  
  146  11:01  Barracks Tech Lab, Marine  
  146  11:02  Marine x2  
  149  11:04  Marine  
  150  11:12  Supply Depot x2  
  150  11:14  Supply Depot  
  150  11:16  Marauder  
  152  11:19  Marine x2  
  152  11:20  Marine  
  152  11:22  Marine  
  156  11:37  Marauder, Marine x3, Supply Depot  
  156  11:38  Supply Depot  
  158  11:40  Marine, Supply Depot  
  146  11:55  Marine x3  
  146  11:58  Marine  
  146  11:59  Marauder, Siege Tank  
  155  12:20  Marauder  
  157  12:31  Siege Tank  
  160  12:42  Drilling Claws  
  157  13:04  Siege Tank  
  150  13:26  Viking  
Show
View Real Time Build Order
Export as new Build Order

qqq Zerg - Winner!

Build Orders: Hatch First, Lurkers 

Get SALT Encoding   

  12  0:02  Drone  
  13  0:11  Drone  
  14  0:34  Hatchery  
  13  0:41  Drone  
  14  0:55  Spawning Pool  
  13  1:03  Overlord  
  13  1:06  Drone  
  13  1:09  Extractor  
  13  1:14  Drone  
  14  1:21  Drone  
  15  1:28  Drone  
  17  1:40  Drone  
  17  1:58  Queen  
  17  1:59  Drone x2  
  17  2:01  Drone x2  
  23  2:09  Queen  
  25  2:21  Drone, Zergling x2  
  27  2:24  Overlord  
  27  2:27  Drone  
  28  2:35  Metabolic Boost  
  28  2:41  Overlord  
  28  2:46  Baneling Nest  
  27  2:56  Zergling x4  
  27  2:57  Zergling x4  
  31  3:11  Zergling x8  
  34  3:23  Lair  
  34  3:25  Drone  
  35  3:27  Zergling x4  
  35  3:28  Zergling x2  
  38  3:35  Zergling x2  
  39  3:41  Zergling x2  
  39  3:45  Baneling x4  
  40  3:52  Zergling x6  
  40  3:54  Zergling x2  
  44  3:56  Overlord  
  42  4:14  Zergling x4  
  42  4:15  Zergling x2  
  42  4:16  Zergling x2  
  46  4:20  Zergling x6  
  46  4:21  Drone x2  
  49  4:44  Zergling x2  
  49  4:45  Zergling x2  
  46  4:46  Baneling x3  
  46  4:47  Zergling x6  
  46  4:51  Zergling x2  
  42  5:11  Drone  
  42  5:12  Drone x2  
  45  5:23  Drone  
  45  5:24  Zergling x8  
  45  5:25  Drone x2, Hydralisk Den  
  45  5:26  Drone  
  45  5:28  Overlord  
  52  5:29  Extractor  
  52  5:30  Drone  
  52  5:35  Baneling x2  
  52  5:36  Baneling x2  
  52  5:47  Zergling x2  
  52  5:48  Zergling x6  
  56  6:00  Drone  
  57  6:05  Drone x2, Zergling x2  
  60  6:27  Overlord  
  60  6:34  Overlord  
  60  6:42  Hatchery  
  60  6:45  Hatchery  
  60  6:46  Lurker Den  
  57  6:48  Drone x3  
  57  6:49  Drone x2  
  57  6:50  Drone x2  
  57  6:53  Drone  
  65  6:56  Hatchery  
  65  6:58  Hydralisk  
  51  7:29  Zergling x2  
  52  7:30  Hydralisk x4, Zergling x8  
  52  7:32  Zergling x4  
  65  7:44  Drone x2  
  65  7:47  Extractor  
  65  7:48  Extractor  
  65  7:55  Drone  
  65  7:57  Zergling x4  
  68  7:58  Drone x2  
  68  8:00  Lurker x2  
  68  8:01  Lurker  
  74  8:05  Drone  
  74  8:15  Muscular Augments  
  74  8:36  Hydralisk  
  74  8:38  Zergling x8  
  74  8:39  Zergling x4  
  82  8:44  Evolution Chamber  
  82  8:46  Evolution Chamber  
  80  8:58  Drone  
  80  8:59  Drone x6  
  80  9:00  Spine Crawler  
  86  9:02  Spore Crawler  
  86  9:04  Spore Crawler  
  84  9:11  Zergling x14  
  84  9:12  Drone x2  
  93  9:20  Spine Crawler  
  93  9:22  Spore Crawler  
  93  9:23  Drone x2, Overlord  
  93  9:24  Overlord  
  93  9:26  Grooved Spines  
  93  9:39  Overlord x3  
  93  9:57  Zergling x4  
  93  9:58  Hydralisk  
  97  10:02  Lurker x3  
  99  10:10  Hydralisk x2  
  99  10:11  Drone  
  99  10:12  Drone x7  
  99  10:13  Drone, Zergling x2  
  113  10:18  Spine Crawler x2  
  113  10:20  Spine Crawler  
  110  10:33  Hydralisk x3  
  110  10:35  Zergling x2  
  117  10:43  Drone x4  
  117  10:44  Drone x2  
  117  10:45  Zergling x4  
  125  10:54  Zerg Melee Weapons Level 1  
  122  11:02  Infestation Pit  
  115  11:13  Drone x4  
  115  11:14  Drone x5  
  115  11:15  Hydralisk  
  115  11:16  Zergling x2  
  115  11:17  Zergling x8  
  131  11:27  Spire  
  131  11:28  Zergling x4  
  131  11:29  Drone  
  131  11:31  Extractor  
  128  11:39  Spine Crawler  
  127  11:40  Spine Crawler  
  127  11:42  Spine Crawler  
  127  11:43  Spine Crawler  
  124  11:53  Zergling x2  
  120  11:55  Zergling x6  
  122  12:10  Hydralisk x3  
  122  12:11  Zergling x2  
  122  12:12  Zergling x8  
  122  12:14  Overlord x3  
  122  12:15  Overlord  
  133  12:25  Overlord  
  133  12:28  Hive  
  133  12:40  Mutalisk x4  
  128  12:53  Zergling x2  
  128  12:54  Zergling x4  
  128  12:55  Drone x3, Zergling x6  
  128  12:56  Zergling x6  
  134  13:09  Queen  
  135  13:26  Corruptor x2  
  135  13:27  Corruptor x4  
  135  13:32  Hatchery  
  146  13:37  Drone x3  
  146  13:38  Drone x6  
  159  13:45  Hatchery  
  160  13:54  Hatchery x2  
Tags
 
Add a new tag
Caveats
  • Supply blocks, unpowered buildings, or Contaminate may cause inaccurate times.
  • Supply counts are checked every 10 seconds.